 Dungeon Crawl Stone Soup version 0.22-a0-322-g60b3cfd (webtiles) character file.

25 4thArraOfDagon the Vexing (level 2, -7/19 HPs)
             Began as a Mummy Enchanter on Apr 2, 2018.
             Was an Initiate of Ru.
             Mangled by an iguana (12 damage)
             ... on level 4 of the Dungeon.
             The game lasted 00:04:19 (1333 turns).

4thArraOfDagon the Vexing (Mummy Enchanter)         Turns: 1333, Time: 00:04:20

Health: -7/19      AC:  2    Str: 11    XL:     2   Next: 86%
Magic:  3/5        EV: 12    Int: 14    God:    Ru [......]
Gold:   66         SH:  0    Dex: 12    Spells: 3/6 levels left

rFire    x . .     SeeInvis .   a - +2 dagger
rCold    + . .     Gourm    .   (no shield)
rNeg     + + +     Faith    .   b - +0 robe
rPois    ∞         Spirit   .   (no helmet)
rElec    .         Reflect  .   (no cloak)
rCorr    .         Harm     .   (no gloves)
MR       .....     Rnd*Tele +   (no boots)
Stlth    ++........             (no amulet)
HPRegen  0.06/turn              d - ring of teleportation (curse)
MPRegen  0.09/turn              (no ring)

@: no status effects
A: no food or potions, fire vulnerability, cold resistance 1, negative energy
resistance 3, torment resistance, unbreathing
a: Renounce Religion


You were on level 4 of the Dungeon.
You worshipped Ru.
Ru was noncommittal.
You were not hungry.

You visited 1 branch of the dungeon, and saw 4 of its levels.

You collected 66 gold pieces.

Inventory:

Hand Weapons
 a - a +2 dagger (weapon)
Armour
 b - a +0 robe (worn)
Jewellery
 d - a cursed ring of teleportation (left hand)


   Skills:
 * Level 2.3 Short Blades
 - Level 1.5 Dodging
 - Level 2.4 Stealth
 - Level 2.6 Spellcasting
 - Level 2.6 Hexes


You had 3 spell levels left.
You knew the following spells:

 Your Spells              Type           Power        Failure   Level  Hunger
a - Corona                Hex            #......      8%          1    N/A
b - Ensorcelled Hibernat  Hex/Ice        #.....       19%         2    N/A

Dungeon Overview and Level Annotations

Branches:
Dungeon (4/15)
 Temple: D:4-7

Altars:
Dithmenos
Fedhas
Nemelex Xobeh
Qazlal
Ru
Vehumet

Annotations:
D:3 xccam's ghost, novice FoFi


Innate Abilities, Weirdness & Mutations

You do not eat or drink.
Your flesh is vulnerable to fire.
You are immune to poison.
Your flesh is cold resistant. (rC+)
You are immune to negative energy. (rN+++)
You are immune to unholy pain and torment.
You can survive without breathing.


Message History

The iguana looks drowsy...
The helpless iguana fails to defend itself.
You puncture the iguana!
The iguana is almost dead.
The iguana bites you!
Ouch! That really hurt!
You barely miss the iguana.
The iguana is almost dead.
Unknown command.
You hit the iguana but do no damage.
The iguana is almost dead.
The iguana bites you.
* * * LOW HITPOINT WARNING * * *
Unknown command.
Unknown command.
You hit the iguana but do no damage.
The iguana is almost dead.
The iguana bites you!
Ouch! That really hurt!
You die...

# #.#.......##...#..# #
#....._.....#.....##.# #
###.......#........#.#
####.....##..........
#..##...### .......#
##...##.##.# #.....#
..(......#.###.....###.#
...........<...........
.......#@#.###.....###
##...#.#l#.# #.....#
#...#.#.#.#####.########
#####.#.........<.......
#......#####)####....
#..##### #.........
#.####..######
######..).
#............. #.......
#..###..###### #.######


You could see an iguana.

Vanquished Creatures
  An adder (D:2)
  An orc (D:4)
  A ball python (D:3)
  2 bats (D:1)
  4 goblins
  2 frilled lizards
  2 kobolds (D:1)
  2 rats
15 creatures vanquished.

Notes
Turn   | Place    | Note
-------+----------+-------------------------------------------
     0 | D:1      | 4thArraOfDagon the Mummy Enchanter began the quest for the Orb.
     0 | D:1      | Reached XP level 1. HP: 13/13 MP: 4/4
     9 | D:1      | Reached skill level 1 in Short Blades
   437 | D:1      | Reached XP level 2. HP: 12/19 MP: 5/5
   552 | D:1      | Learned a level 2 spell: Ensorcelled Hibernation
   639 | D:2      | Found a stormy altar of Qazlal.
   710 | D:4      | Noticed a phantom
   869 | D:4      | Found a shadowy altar of Dithmenos.
   877 | D:4      | Thaneod: chcesz sobie ziga pyknac?
   960 | D:4      | 4thArraOfDagon: potem
   960 | D:4      | 4thArraOfDagon: musze najpierw mumie cos ugrac
   960 | D:4      | 4thArraOfDagon: bo jest lipna :)
  1020 | D:4      | Found a blossoming altar of Fedhas.
  1025 | D:4      | Thaneod: !hs * DeFi
  1034 | D:4      | beem: 7631. Sergey the Archmage (L27 DEFi of Vehumet), escaped with the Orb and 15 runes on 2018-03-02 21:35:05, with 19567986 points after 78815 turns and 12:15:01.
  1047 | D:4      | Found a sparkling altar of Nemelex Xobeh.
  1065 | D:3      | Thaneod: !hs * DeBe
  1069 | D:3      | beem: 3582. Roshnak the Slayer (L27 DEBe of Makhleb), escaped with the Orb and 15 runes on 2015-05-08 03:13:17, with 18374959 points after 83818 turns and 8:59:58.
  1122 | D:3      | Thaneod: !hs DeAs
  1129 | D:3      | Noticed xccam's ghost (novice FoFi)
  1130 | D:3      | beem: 2. Deas the Sneak (L2 SpEn), shot by a goblin (stone) on D:2 on 2017-10-08 12:28:58, with 8 points after 782 turns and 0:01:26.
  1181 | D:4      | Thaneod: !hs * DeAs
  1189 | D:4      | beem: 2721. Yermak the Ninja (L27 DEAs of Dithmenos), escaped with the Orb and 15 runes on 2015-03-03 14:42:45, with 27361571 points after 54034 turns and 8:31:05.
  1244 | D:4      | Found a radiant altar of Vehumet.
  1246 | D:4      | Found a sacrificial altar of Ru.
  1254 | D:4      | Became a worshipper of Ru the Awakened
  1262 | D:4      | Thaneod: ech ru
  1333 | D:4      | Mangled by an iguana

Vault maps used:
D:1:      minmay_arrival_arboretum_small
D:2:      first_ration, lemuel_statue_altar
D:3:      minmay_door_path, okawaru_gym_becter
D:4:      lemuel_round_altar, nicolae_dithmenos_shadow_blocks,
          kennysheep_little_box, chequers_temple_overflow_statue_of_worship,
          doesnt_xom_only_xom

Skill      XL: |  1  2 |
---------------+-------+-----
Short Blades   | 1 2 |  2.3
Dodging        | |  1.5
Stealth        | |  2.4
Spellcasting   | |  2.6
Hexes          | |  2.6

Action                   || total
-------------------------++-------
Melee: Dagger            ||    51
 Cast: Corona            ||    10
       Ensorcelled Hiber ||     7
  Use: Scroll            ||     2
 Stab: Sleeping          ||     3
Armor: Robe              ||     8
Dodge: Dodged            ||    50

Table legend:
 A = Spawn XP
 B = Non-spawn XP
 C = Spawn XP percentage of total XP
 D = Spawn monster count
 E = Non-spawn monster count
 F = Spawn count percentage of total count
 G = Total turns spent on level
                    A         B        C        D         E        F      G
               +---------+---------+-------+---------+---------+-------+---------
         Total |       0 |      37 |   0.0 |       0 |      15 |   0.0 |  1333
               +---------+---------+-------+---------+---------+-------+---------
           D:1 |       0 |      12 |   0.0 |       0 |       8 |   0.0 |   594
           D:2 |       0 |      14 |   0.0 |       0 |       1 |   0.0 |    80
           D:3 |       0 |       8 |   0.0 |       0 |       5 |   0.0 |   151
           D:4 |       0 |       3 |   0.0 |       0 |       1 |   0.0 |   508
               +---------+---------+-------+---------+---------+-------+---------
